 Dungeon Crawl Stone Soup version 0.30-a0-465-g8901f6c8b5 (webtiles) character file.

Game seed: 4836728245618594040

164347 bjtr the Eclecticist (level 17, 0/92 HPs)
             Began as a Gargoyle Fire Elementalist on Dec 16, 2022.
             Was the Champion of Vehumet.
             Slain by a wolf spider (5 damage)
             ... on level 1 of the Spider Nest on Dec 17, 2022.
             The game lasted 05:12:47 (46077 turns).

bjtr the Eclecticist (Gargoyle Fire Elementalist)  Turns: 46077, Time: 05:12:48

Health: 0/92       AC: 39    Str: 19    XL:     17   Next: 55%
Magic:  34/38      EV: 12    Int: 27    God:    Vehumet [******]
Gold:   1247       SH:  5    Dex:  6    Spells: 5/51 levels left

rFire   + + .      SeeInvis +    a - +7 great mace "Firestarter" {inner flame, rF++}
rCold   . . .      Faith    .    (shield currently unavailable)
rNeg    + . .      Spirit   .    j - +0 swamp dragon scales
rPois   ∞          Reflect  +    v - +1 helmet {SInv}
rElec   +          Harm     .    e - +2 cloak
rCorr   +          Rampage  .    M - +2 pair of gloves
Will    +++..                    n - +2 pair of boots
Stlth   ++........               c - amulet of reflection
HPRegen 0.35/turn                i - ring "Wukhebee" {Will++ rCorr Str+6 Int+4 Dex-4}
MPRegen 0.26/turn                P - ring "Gofroc" {AC+4 SInv}

@: flying
A: sickness immunity, AC +12, big wings, negative energy resistance 1,
electricity resistance, torment resistance 1, petrification resistance
}: 1/15 runes: decaying
a: Renounce Religion


You were on level 1 of the Spider Nest.
You worshipped Vehumet.
Vehumet was exalted by your worship.
You visited 6 branches of the dungeon, and saw 29 of its levels.
You also visited: Ossuary and Gauntlet.

You collected 2747 gold pieces.
You spent 1500 gold pieces at shops.

Inventory:

Hand Weapons
 a - the +7 great mace "Firestarter" (weapon) {inner flame, rF++}
   (You found it on level 4 of the Swamp)

   It burns those it strikes, dealing additional fire damage.
   It fills those it strikes with an explosive inner flame.
   It grants immunity to clouds of flame.
   rF:        It greatly protects you from fire.
 b - a +0 arbalest
 N - the +5 shortbow "Upugu" {antimagic, +Blink}
   (You found it on level 5 of the Lair of Beasts)

   It reduces the magical energy of the wielder, and disrupts the spells and
   magical abilities of those it strikes.
   Natural abilities and divine invocations are not affected.
   +Blink:    It lets you blink.
 X - the +9 long sword of the Aged Lies {antimagic, Contam rPois Int+7}
   (You found it on level 12 of the Dungeon)

   It reduces the magical energy of the wielder, and disrupts the spells and
   magical abilities of those it strikes.
   Natural abilities and divine invocations are not affected.
   Int:       It affects your intelligence (+7).
   rPois:     It protects you from poison.
   Contam:    It causes magical contamination when unequipped.
Missiles
 V - 4 silver javelins (quivered)
Armour
 e - a +2 cloak (worn)
 j - +0 swamp dragon scales (worn)
 n - a +2 pair of boots (worn)
 v - a +1 helmet of see invisible (worn)
 M - a +2 pair of gloves (worn)
Jewellery
 c - an amulet of reflection (around neck)
 i - the ring "Wukhebee" (left hand) {Will++ rCorr Str+6 Int+4 Dex-4}
   (You acquired it on level 1 of the Lair of Beasts)

   [ring of strength]

   Str:       It affects your strength (+6).
   Int:       It affects your intelligence (+4).
   Dex:       It affects your dexterity (-4).
   rCorr:     It protects you from acid and corrosion.
   Will:      It greatly increases your willpower.
 s - a +4 ring of evasion
 O - a +6 ring of intelligence
 P - the ring "Gofroc" (right hand) {AC+4 SInv}
   (You found it on level 8 of the Dungeon)

   [ring of protection]

   AC:        It affects your AC (+4).
   SInv:      It lets you see invisible.
 Q - a ring of protection from cold
Wands
 m - a wand of digging (25)
 u - a wand of polymorph (4)
 C - a wand of roots (33)
 D - a wand of flame (9)
 U - a wand of acid (19)
Scrolls
 f - 2 scrolls of butterflies
 o - 2 scrolls of silence
 x - 11 scrolls of teleportation
 y - 2 scrolls of vulnerability
 z - a scroll of poison
 A - 4 scrolls of immolation
 B - 4 scrolls of torment
 E - 2 scrolls of fear
 T - 5 scrolls of magic mapping
Potions
 d - 2 potions of might
 h - 2 potions of brilliance
 p - 5 potions of curing
 t - 3 potions of cancellation
 w - a potion of resistance
 F - 2 potions of ambrosia
 R - a potion of haste
 Z - 3 potions of magic
Miscellaneous
 Y - a phantom mirror


   Skills:
 + Level 5.3 Fighting
 * Level 1.9 Maces & Flails
 * Level 10.2 Armour
 + Level 6.8 Dodging
 + Level 4.8 Stealth
 - Level 10.6 Shields
 + Level 17.5 Spellcasting
 * Level 10.0 Conjurations
 + Level 0.5 Hexes
 + Level 16.7 Fire Magic
 + Level 1.2 Poison Magic
 + Level 0.8 Evocations


You had 5 spell levels left.
You knew the following spells:

 Your Spells              Type           Power      Damage    Failure   Level
a - Foxfire               Conj/Fire      100%       2x1d9     0%          1
b - Scorch                Fire           100%       2d10      0%          2
c - Inner Flame           Hex/Fire       63%        N/A       1%          3
d - Flame Wave            Conj/Fire      77%        2d17      1%          4
e - Searing Ray           Conj           100%       2d8       1%          2
f - Fireball              Conj/Fire      38%        3d16      1%          5
g - Vhi's Electric Charg  Tloc/Air       46%        N/A       9%          3
h - Freezing Cloud        Conj/Ice/Air   20%        6-21      5%          5
i - Kindle Blastsparks    Fire/Tloc/Air  100%       2d18      1%          3
j - Olgreb's Toxic Radia  Pois           30%        N/A       5%          4
k - Spellforged Servitor  Conj/Summ      25%        N/A       58%         7
l - Orb of Destruction    Conj           33%        9d10      11%         7

Your spell library contained the following spells:

 Spells                   Type           Power      Damage    Failure   Level
 Yara's Violent Unravell  Hex/Tmut       12%        3d7       19%         5
 Magic Dart               Conj           100%       1d8       1%          1
 Sandblast                Erth           46%        2d11      1%          1
 Dazzling Flash           Conj/Hex       100%       N/A       1%          3
 Fulminant Prism          Conj/Hex       25%        3d13      1%          4
 Arcjolt                  Conj/Air       25%        1d35      3%          5
 Ensorcelled Hibernation  Hex/Ice        50%        N/A       4%          2
 Passwall                 Tmut/Erth      19%        N/A       4%          2
 Wereblood                Tmut           23%        N/A       4%          2
 Spider Form              Tmut/Pois      26%        N/A       7%          3
 Lee's Rapid Deconstruct  Erth           11%        3d8*      21%         5
 Cause Fear               Hex            13%        N/A       24%         4
 Anguish                  Hex/Necr       12%        N/A       26%         4
 Animate Dead             Necr           23%        N/A       30%         4
 Petrify                  Tmut/Erth      23%        N/A       30%         4
 Metabolic Englaciation   Hex/Ice        12%        N/A       58%         5
 Borgnjor's Vile Clutch   Necr/Erth      11%        N/A       63%         5
 Starburst                Conj/Fire      38%        6d11      1%          6
 Fire Storm               Conj/Fire      38%        8d10      95%         9
 Death Channel            Necr           11%        N/A       99%         6
 Summon Hydra             Summ           11%        N/A       100%        7
 Infestation              Necr           11%        N/A       100%        8
 Maxwell's Capacitive Co  Air            11%        ∞         100%        8
 Cigotuvi's Dreadful Rot  Necr/Pois/Air  Unusable   N/A       N/A         2
 Sublimation of Blood     Necr           Unusable   N/A       N/A         2
 Statue Form              Tmut/Erth      Unusable   N/A       N/A         6

Dungeon Overview and Level Annotations

Branches:
Dungeon (15/15)            Temple (1/1) D:7            Lair (5/5) D:9
  Swamp (4/4) Lair:3       Spider (2/4) Lair:2        Slime (0/5) Lair:4
    Orc (2/2) D:11            Elf (0/3) Orc:2        Vaults (0/5) D:14
 Depths (0/4) D:15        Ossuary (visited)         Gauntlet (visited)

Altars:
Ashenzari
Cheibriados
Dithmenos
Elyvilon
Fedhas
Gozag
Hepliaklqana
Kikubaaqudgha
Makhleb
Nemelex Xobeh
Okawaru
Qazlal
Ru
Sif Muna
Trog
Uskayaw
Vehumet
Wu Jian
Xom
Yredelemnul
Zin
The Shining One
Jiyva

Shops:
D:5 :   Orc:1 *   Orc:2 :*?(?

Portals:
Hell: Lair:5


Innate Abilities, Weirdness & Mutations

You are immune to sickness and miasma.
Your stone body is resilient. (AC +12)
You are immune to poison.
Your large and strong wings let you fly.
You resist negative energy. (rN+)
You are resistant to electric shocks. (rElec)
You are resistant to unholy torment.
You are immune to petrification.


Message History

The culicivora moves out of view.
Unknown command.
Unknown command.
The culicivora's many legs skitter faintly.
The culicivora bites you.
* * * LOW HITPOINT WARNING * * *
The wolf spider hits you but does no damage.
You block the wolf spider's attack.
The redback bites you but does no damage.
The wolf spider hits you but does no damage.
The wolf spider barely misses you.
The demonic crawler is engulfed in blazing flames.
Flame seeps out of the demonic crawler.
The demonic crawler shrieks in warning!
The culicivora's many legs skitter faintly.
The tarantella's many legs skitter faintly.
You hear a faint skittering sound. x5
You fly upwards.
There is a stone staircase leading down here.
Unknown command.
Unknown command.
Unknown command.
Casting: Flame Wave (safe; 1% risk of failure)
Confirm with . or Enter, or press ? or * to list all spells.
Casting: Flame Wave (safe; 1% risk of failure)
Press: ? - help, Dir - look around, f - activate A wave of flame ripples out!
The flame wave engulfs the wolf spider!!
The wolf spider is moderately wounded.
The flame wave engulfs the wolf spider.
The wolf spider is lightly wounded. (Press . to intensify the flame waves.)
The wolf spider hits you but does no damage.
The wolf spider barely misses you. The wolf spider hits you!
* * * LOW HITPOINT WARNING * * *
The wolf spider bites you but does no damage.
The wolf spider hits you!
* * * LOW HITPOINT WARNING * * *
The wolf spider bites you.
You die...

#######.....#....##........###...
#....#......#.....##.^....##.#...
##...##.....#.^....#....###......
.#....###...##.....#....#.#......
.#....#.##...##.......###.......#
......#.......##......#.#.....###
...............#............###..
...............###...............
..##...........#@##............>.
.##.......##...#sss............##
.#....#####....^ss...............
.#...##...##.....................
.#...#...................#.......
########......#.....#....###...##
..............#.....#......##....
........[.....#.##..##..#...#....
.............####....####...#....


You could see a demonic crawler (inner flame), 2 wolf spiders, a culicivora and
a redback.

Vanquished Creatures
  Kirke (Swamp:1)
  3 thorn hunters (Swamp:4)
  A fenstrider witch (Swamp:3)
  Roxanne (Swamp:2)
  2 vampire knights
  An eleionoma (Swamp:1)
  A minotaur (Gauntlet)
  3 spark wasps (Spider:1)
  4 bunyips
  4 shambling mangroves
  17 hydras
  3 ghost crabs
  7 boulder beetles
  An ogre mage (Orc:1)
  7 vault guards
  2 centaur warriors (D:13)
  10 alligators
  2 catoblepae (Lair:3)
  7 death yaks
  4 two-headed ogres
  A tengu warrior (D:15)
  4 orc high priests (Orc:2)
  Sonja (Orc:1)
  7 goliath frogs
  A sixfirhy (Lair:5)
  4 steelbarb worms (Spider:1)
  10 swamp dragons
  A flayed ghost (Swamp:4)
  A wizard (Lair:5)
  6 spriggan druids
  An orb spider (Spider:1)
  3 spectral hydras (Swamp:4)
  4 deep elf pyromancers
  4 bog bodies
  2 cyclopes
  An orc knight (Orc:1)
  7 ugly things
  3 oklob plants (Swamp:4)
  4 wolf spiders
  5 will-o-the-wisps
  4 orc sorcerers
  A moth of wrath (Gauntlet)
  Joseph (D:9)
  Maurice (D:9)
  A smoke demon (Lair:5)
  5 black mambas
  A torpor snail (Spider:1)
  2 ice statues
  14 cane toads
  3 orange demons (Lair:5)
  5 rime drakes
  A freezing wraith (Swamp:4)
  Psyche (D:9)
  3 demonic crawlers
  2 efreet
  7 komodo dragons
  3 hydra zombies (Swamp:4)
  A red devil (Lair:5)
  An ice devil (Lair:4)
  A troll (shapeshifter) (D:15)
  4 polar bears
  11 tyrant leeches
  A death drake zombie (Swamp:4)
  2 meliai (Spider:2)
  6 trolls
  20 hornets
  Grinder (D:4)
  3 tarantellas (Spider:1)
  16 blink frogs
  A dream sheep (Lair:5)
  A wind drake (shapeshifter) (D:14)
  A slime creature (D:13)
  3 hydra skeletons (Swamp:4)
  9 jumping spiders (Spider:1)
  Sigmund (D:2)
  14 spriggans
  A shadow (D:11)
  A culicivora (shapeshifter) (Gauntlet)
  52 yaks
  4 culicivoras
  2 wraiths (D:12)
  3 wyverns
  A yak (shapeshifter) (Gauntlet)
  A neqoxec (Gauntlet)
  A golden eye (shapeshifter) (D:13)
  3 basilisks
  3 hogs (Swamp:1)
  27 redbacks
  A steam dragon (D:9)
  17 vampire mosquitoes
  A chaos spawn (Gauntlet)
  A death yak simulacrum (Lair:3)
  9 swamp worms
  3 hydra simulacra (Swamp:4)
  2 acid dragons
  17 water moccasins
  4 hell hounds (Lair:5)
  22 orc warriors
  4 swamp drakes
  A black bear (Lair:3)
  4 sky beasts
  3 ice beasts
  A black bear (shapeshifter) (D:15)
  3 swamp dragon zombies (Swamp:4)
  4 ogres
  6 wolves (Lair:1)
  4 boggarts (D:15)
  A swamp dragon skeleton (Swamp:4)
  7 centaurs
  A phantom (D:5)
  2 kobold brigands
  2 gnoll sergeants
  8 bullfrogs
  5 necrophages
  3 scorpions (Lair:2)
  A water moccasin zombie (Ossuary)
  13 wights
  6 killer bees (D:8)
  An elephant simulacrum (Lair:3)
  3 howler monkeys
  4 electric eels
  7 jellies
  30 orc priests
  4 hounds
  4 iguanas
  5 hell rats (Lair:5)
  24 orc wizards
  2 wolf simulacra (Lair:3)
  A polar bear simulacrum (Lair:3)
  2 mummies (Ossuary)
  14 gnolls
  5 adders
  A shadow imp (D:7)
  A white imp (D:5)
  4 adder zombies (Ossuary)
  5 worms
  3 dart slugs
  66 orcs
  9 endoplasms
  6 giant cockroaches
  4 gnoll zombies (Ossuary)
  10 goblins
  7 hobgoblins
  15 jackals
  15 kobolds
  6 ball pythons
  4 bats
  4 frilled lizards
  6 hobgoblin zombies (Ossuary)
  6 kobold zombies (Ossuary)
  6 orc zombies (Ossuary)
  4 rats
846 creatures vanquished.

Vanquished Creatures (collateral kills)
  A foxfire (D:1)
1 creature vanquished.

Vanquished Creatures (others)
  Nessos (D:13)
  A tyrant leech (Swamp:4)
  2 orcs
  538 foxfires
  30 fungi
  72 plants
644 creatures vanquished.

Grand Total: 1491 creatures vanquished

Notes
Turn   | Place    | Note
-------+----------+-------------------------------------------
     0 | D:1      | bjtr the Gargoyle Fire Elementalist began the quest for the
                  | Orb.
     0 | D:1      | Reached XP level 1. HP: 10/10 MP: 3/3
   180 | D:1      | Reached XP level 2. HP: 10/15 MP: 0/5
   183 | D:1      | Learned a level 2 spell: Scorch
   614 | D:1      | Reached XP level 3. HP: 19/19 MP: 1/6
  1029 | D:1      | Found a faded altar of an unknown god.
  1212 | D:2      | Noticed Sigmund
  1300 | D:2      | Killed Sigmund
  1301 | D:2      | Reached skill level 1 in Armour
  1301 | D:2      | Reached skill level 3 in Spellcasting
  1301 | D:2      | Reached XP level 4. HP: 24/24 MP: 4/8
  1301 | D:2      | Reached XP level 5. HP: 28/28 MP: 4/9
  1677 | D:2      | Reached XP level 6. HP: 33/33 MP: 5/11
  1937 | D:2      | Reached skill level 5 in Fire Magic
  2301 | D:3      | Learned a level 3 spell: Inner Flame
  2306 | D:3      | Learned a level 4 spell: Flame Wave
  3672 | D:4      | Noticed Grinder
  3679 | D:4      | Paralysed by Grinder for 3 turns
  3685 | D:4      | Killed Grinder
  3686 | D:4      | Reached skill level 4 in Spellcasting
  3686 | D:4      | Reached XP level 7. HP: 31/37 MP: 2/13
  3773 | D:4      | Learned a level 2 spell: Searing Ray
  3859 | D:4      | Found a hide-covered altar of Uskayaw.
  3923 | D:4      | Found a radiant altar of Vehumet.
  3927 | D:4      | Became a worshipper of Vehumet
  4129 | D:4      | Identified a scroll of acquirement
  4129 | D:4      | Acquired a +4 ring of evasion
  4164 | D:5      | Entered Level 5 of the Dungeon
  4421 | D:5      | Found a sacrificial altar of Ru.
  4531 | D:5      | Reached skill level 5 in Spellcasting
  4846 | D:5      | Reached XP level 8. HP: 33/42 MP: 15/15
  5140 | D:5      | Found a glowing golden altar of the Shining One.
  5149 | D:5      | Found a glowing silver altar of Zin.
  5391 | D:5      | Found Xamesmo's Book Shoppe.
  5469 | D:6      | Reached skill level 1 in Fighting
  5478 | D:6      | Reached skill level 1 in Shields
  5489 | D:6      | Found a sand-covered staircase.
  5494 | Ossuary  | Entered an ossuary
  5585 | Ossuary  | Reached * piety under Vehumet
  5585 | Ossuary  | Offered knowledge of Kiss of Death by Vehumet.
  5827 | Ossuary  | Reached skill level 6 in Spellcasting
  6057 | D:6      | Identified the +1 leather armour "Rerphus" {rElec}
  6212 | D:6      | Offered knowledge of Static Discharge by Vehumet.
  6213 | D:6      | Reached XP level 9. HP: 47/47 MP: 11/18
  6278 | D:6      | Reached ** piety under Vehumet
  7209 | D:7      | Offered knowledge of Hailstorm by Vehumet.
  7213 | D:7      | Reached skill level 7 in Spellcasting
  7376 | D:7      | Found a staircase to the Ecumenical Temple.
  7591 | D:8      | Reached *** piety under Vehumet
  7743 | D:8      | Reached skill level 8 in Spellcasting
  7743 | D:8      | Reached XP level 10. HP: 48/53 MP: 14/22
  7749 | D:8      | Learned a level 5 spell: Fireball
  8273 | D:8      | Noticed an ice statue
  9005 | D:8      | Killed an ice statue
  9005 | D:8      | Offered knowledge of Dazzling Flash by Vehumet.
  9081 | D:8      | Identified the +5 broad axe of the Traitor {freeze, rElec}
  9086 | D:8      | Identified the ring "Gofroc" {AC+4 SInv}
  9109 | D:8      | Learned a level 3 spell: Vhi's Electric Charge
  9189 | Temple   | Entered the Ecumenical Temple
  9471 | D:9      | Noticed Psyche
  9478 | D:9      | Killed Psyche
  9479 | D:9      | Reached skill level 5 in Armour
  9789 | D:9      | Noticed Maurice
  9826 | D:9      | Killed Maurice
  9987 | D:9      | Found a staircase to the Lair.
 10134 | D:9      | Noticed Joseph
 10416 | D:9      | Killed Joseph
 10613 | D:10     | Entered Level 10 of the Dungeon
 11040 | D:10     | Reached **** piety under Vehumet
 11090 | D:10     | Reached XP level 11. HP: 50/58 MP: 15/23
 11096 | D:10     | Offered knowledge of Freezing Cloud by Vehumet.
 11097 | D:10     | Reached skill level 10 in Fire Magic
 11098 | D:10     | Reached skill level 9 in Spellcasting
 11111 | D:10     | Learned a level 5 spell: Freezing Cloud
 11115 | D:10     | Learned a level 3 spell: Kindle Blastsparks
 11565 | D:10     | Noticed a two-headed ogre
 11626 | D:10     | Found a burning altar of Makhleb.
 11717 | D:10     | Reached skill level 5 in Shields
 12104 | D:10     | Killed a two-headed ogre
 12979 | D:11     | Noticed a boulder beetle
 13030 | D:11     | Killed a boulder beetle
 13199 | D:11     | Found a staircase to the Orcish Mines.
 13358 | D:12     | Identified the +9 long sword of the Aged Lies {antimagic,
                  | Contam rPois Int+7}
 13436 | D:12     | Noticed a two-headed ogre
 13446 | D:12     | Killed a two-headed ogre
 13600 | D:12     | Noticed a deep elf pyromancer
 13609 | D:12     | Killed a deep elf pyromancer
 13610 | D:12     | Reached skill level 10 in Spellcasting
 13692 | D:12     | Noticed a two-headed ogre
 13711 | D:12     | Killed a two-headed ogre
 13712 | D:12     | Reached XP level 12. HP: 43/64 MP: 11/26
 15553 | D:13     | Noticed a boulder beetle
 15562 | D:13     | Noticed a centaur warrior
 15579 | D:13     | Killed a boulder beetle
 15582 | D:13     | Reached ***** piety under Vehumet
 15601 | D:13     | Offered knowledge of Olgreb's Toxic Radiance by Vehumet.
 15666 | D:13     | Learned a level 4 spell: Olgreb's Toxic Radiance
 15829 | D:13     | Noticed a centaur warrior
 15833 | D:13     | Killed a centaur warrior
 15834 | D:13     | Reached skill level 11 in Spellcasting
 16187 | D:13     | Noticed Nessos
 16190 | D:13     | Killed Nessos
 16359 | D:13     | Killed a centaur warrior
 16620 | D:14     | Upgraded the game from 0.30-a0-459-g9104f0fc43 to
                  | 0.30-a0-462-gd5975efbca
 16926 | D:14     | Noticed a boulder beetle
 16930 | D:14     | Killed a boulder beetle
 17303 | D:14     | Noticed a vault guard
 17303 | D:14     | Noticed a vault guard
 17303 | D:14     | Noticed a vault guard
 17479 | D:14     | Noticed a vault guard
 17479 | D:14     | Noticed a vault guard
 17481 | D:14     | Noticed a vault guard
 17484 | D:14     | Killed a vault guard
 17485 | D:14     | Reached XP level 13. HP: 70/70 MP: 7/28
 17492 | D:14     | Killed a vault guard
 17492 | D:14     | Killed a vault guard
 17493 | D:14     | Noticed a vault guard
 17499 | D:14     | Killed a vault guard
 17609 | D:13     | Killed a vault guard
 17868 | D:14     | Found a gate to the Vaults.
 17926 | D:15     | Entered Level 15 of the Dungeon
 18191 | D:15     | Reached skill level 12 in Spellcasting
 18707 | D:15     | Found a staircase to the Depths.
 18813 | D:14     | Noticed a vault guard
 18849 | D:14     | Killed a vault guard
 18861 | D:14     | Killed a vault guard
 20506 | Lair:1   | Entered Level 1 of the Lair of Beasts
 20795 | Lair:1   | Reached skill level 5 in Dodging
 20888 | Lair:1   | You fall into a shaft and drop 1 floor!
 21293 | Lair:1   | Acquired the ring "Wukhebee" {Will++ rCorr Str+6 Int+4
                  | Dex-4}
 21762 | Lair:1   | Gained mutation: Your large and strong wings let you fly.
                  | [Gargoyle growth]
 21762 | Lair:1   | Reached XP level 14. HP: 70/76 MP: 21/30
 22070 | Lair:1   | Reached skill level 5 in Conjurations
 22541 | Lair:2   | Found a hole to the Spider Nest.
 22873 | Lair:2   | Reached skill level 13 in Spellcasting
 23593 | Lair:3   | Found a frozen archway.
 23647 | Lair:3   | Found a gate leading to a gauntlet.
 23656 | Gauntlet | Entered a Gauntlet
 23656 | Gauntlet | Found a transporter.
 23656 | Gauntlet | Found a transporter.
 23656 | Gauntlet | Found a transporter.
 23690 | Gauntlet | Found a transporter.
 23700 | Gauntlet | Found a transporter.
 23702 | Gauntlet | Found a transporter.
 23712 | Gauntlet | Found a transporter.
 23732 | Gauntlet | Found a transporter.
 23747 | Gauntlet | Found a transporter.
 23750 | Gauntlet | Found a transporter.
 23759 | Gauntlet | Found a transporter.
 23761 | Gauntlet | Found a transporter.
 24025 | Gauntlet | Identified the +0 helmet of the Desert {Harm rC+ Int+4
                  | Slay+3}
 24284 | Gauntlet | Found the +4 robe of Folly {Brilliance Will-∞ Int+8}
 24290 | Gauntlet | Got Sif Muna's Lectures on Imprecation
 24296 | Gauntlet | Got the Dissertation on Macabre Blows and Bruises
 24299 | Gauntlet | Got the Encyclopedia of Permutations and the Volcanoes
 24746 | Lair:3   | Offered knowledge of Spellforged Servitor by Vehumet.
 25218 | Lair:3   | Reached skill level 10 in Shields
 25308 | Lair:3   | Learned a level 7 spell: Spellforged Servitor
 26022 | Lair:3   | Found a staircase to the Swamp.
 26951 | Lair:4   | Found a staircase to the Slime Pits.
 26952 | Lair:4   | Found a viscous altar of Jiyva.
 27984 | Lair:5   | Entered Level 5 of the Lair of Beasts
 28221 | Lair:5   | Reached skill level 14 in Spellcasting
 28252 | Lair:5   | Reached XP level 15. HP: 77/80 MP: 6/33
 30562 | Lair:5   | Found a burning altar of Makhleb.
 30568 | Lair:5   | Found a gateway to Hell.
 30575 | Lair:5   | Identified the +5 shortbow "Upugu" {antimagic, +Blink}
 30910 | Orc:1    | Entered Level 1 of the Orcish Mines
 31140 | Orc:1    | Reached skill level 15 in Fire Magic
 31289 | Orc:1    | Noticed Sonja
 31292 | Orc:1    | Killed Sonja
 31524 | Orc:1    | Found Wathris's General Store.
 31904 | Orc:2    | Entered Level 2 of the Orcish Mines
 33288 | Orc:2    | Found Lebikhuw's Self-Improvement Boutique.
 33324 | Orc:2    | Found Bogh's Magic Scroll Emporium.
 33324 | Orc:2    | Found Zifar's Magic Scroll Shoppe.
 33325 | Orc:2    | Found Wuatteeg's Weapon Shoppe.
 33391 | Orc:2    | Found Leutonil's Assorted Antiques.
 33395 | Orc:2    | Bought a scroll of teleportation for 33 gold pieces
 33395 | Orc:2    | Bought a scroll of teleportation for 33 gold pieces
 33395 | Orc:2    | Bought a scroll of teleportation for 33 gold pieces
 33395 | Orc:2    | Bought a scroll of teleportation for 33 gold pieces
 33396 | Orc:2    | Bought a scroll of blinking for 120 gold pieces
 33396 | Orc:2    | Bought a scroll of silence for 152 gold pieces
 33396 | Orc:2    | Bought a scroll of fear for 64 gold pieces
 33396 | Orc:2    | Bought 3 scrolls of enchant weapon for 360 gold pieces
 33396 | Orc:2    | Bought a scroll of magic mapping for 120 gold pieces
 33396 | Orc:2    | Bought a scroll of teleportation for 48 gold pieces
 33402 | Orc:2    | Bought 2 potions of heal wounds for 280 gold pieces
 33402 | Orc:2    | Bought a potion of magic for 224 gold pieces
 33535 | Orc:2    | Found a staircase to the Elven Halls.
 33983 | Swamp:1  | Entered Level 1 of the Swamp
 33992 | Swamp:1  | Reached skill level 15 in Spellcasting
 34492 | Swamp:1  | Identified the +5 war axe of Fiad {vorpal, rPois Str+4}
 34535 | Swamp:1  | Offered knowledge of Eringya's Noxious Bog by Vehumet.
 34678 | Swamp:1  | Identified the +2 long sword "Vyliety" {vorpal, MP+9}
 34971 | Swamp:1  | Noticed Kirke
 35011 | Swamp:1  | Killed Kirke
 35012 | Swamp:1  | Reached XP level 16. HP: 86/86 MP: 26/35
 35142 | Swamp:2  | Identified Roxanne's Parchment of Silt
 35142 | Swamp:2  | Noticed Roxanne
 37169 | Swamp:2  | Learned a level 7 spell: Orb of Destruction
 37176 | Swamp:2  | Killed Roxanne
 37607 | Swamp:3  | Noticed a fenstrider witch
 37610 | Swamp:3  | Killed a fenstrider witch
 37611 | Swamp:3  | Reached skill level 16 in Spellcasting
 38779 | Swamp:3  | Upgraded the game from 0.30-a0-462-gd5975efbca to
                  | 0.30-a0-465-g8901f6c8b5
 38796 | Swamp:4  | Entered Level 4 of the Swamp
 38960 | Swamp:4  | Noticed a thorn hunter
 38965 | Swamp:4  | Killed a thorn hunter
 39437 | Swamp:4  | Reached ****** piety under Vehumet
 39632 | Swamp:4  | Offered knowledge of Iskenderun's Battlesphere by Vehumet.
 41066 | Swamp:3  | Reached skill level 5 in Fighting
 41066 | Swamp:3  | Reached skill level 17 in Spellcasting
 41100 | Swamp:4  | Reached XP level 17. HP: 55/92 MP: 36/38
 41628 | Swamp:4  | Found the +7 great mace "Firestarter" {inner flame, rF++}
 42064 | Swamp:4  | Found a blossoming altar of Fedhas.
 42440 | Swamp:4  | Got a decaying rune of Zot
 42458 | Swamp:4  | Found a basalt altar of Yredelemnul.
 43692 | Spider:1 | Entered Level 1 of the Spider Nest
 43800 | Spider:1 | Offered knowledge of Yara's Violent Unravelling by Vehumet.
 43801 | Spider:1 | Reached skill level 10 in Armour
 44965 | Spider:1 | Reached skill level 1 in Maces & Flails
 44982 | Spider:1 | Reached skill level 10 in Conjurations
 45202 | Spider:1 | Identified the +7 leather armour of Truth {rPois rN+ Str-4}
 45256 | Spider:1 | Reached skill level 1 in Poison Magic
 45457 | Spider:1 | Identified the +0 leather armour "Qonaary" {rPois rF+++
                  | Int-3 Stlth+}
 46077 | Spider:1 | Slain by a wolf spider

Illustrated notes

Levels and vault maps discovered:
D:1:      lightli_arrival_quake, layout_basic, chequers_ecumenical_altar_lobes,
          minmay_circled_x
D:2:      layout_basic, uniq_sigmund
D:3:      layout_loops_ring, chequers_serial_rivers_micro_e
D:4:      layout_basic, mainiacjoe_overflow_big_doors, minmay_fountain_box,
          hangedman_abyss_or_decor_stagger, uniq_grinder
D:5:      layout_basic, mainiacjoe_overflow_swirl, nicolae_ru_awakened_eye,
          serial_shops, shop, grunt_ministairs_6
D:6:      corexii_shack_village, layout_rooms,
          nicolae_ossuary_entry_false_entrances
D:7:      layout_rooms, minmay_temple_entry_from_below_a
D:8:      statuecave_lemuel, layout_rooms, kennysheep_nondescript
D:9:      layout_long_grid, lair_entry_dummy, minmay_misc_feat_x, uniq_maurice,
          uniq_psyche, uniq_joseph
D:10:     lemuel_ice_statue, layout_basic, mainiacjoe_overflow_small_starburst,
          hangedman_stone_soup
D:11:     layout_basic, erik_orc_1
D:12:     layout_roguey
D:13:     layout_loops_corners, drop_trap, minmay_circle_x, uniq_nessos
D:14:     layout_irregular_city, erik_vaults_2
D:15:     hangedman_depths_entry_try_elsewhere_first, layout_basic,
          nrook_mini_backslash, serial_aquarium, aquarium_bridge_square
          [aquarium_subvault_bridge, aquarium_subvault_balcony,
          aquarium_subvault_bridge, aquarium_subvault_bridge],
          aquarium_bridge_island_small [aquarium_subvault_small_open,
          aquarium_subvault_window, aquarium_subvault_bridge,
          aquarium_subvault_wall, aquarium_subvault_bridge],
          aquarium_window_fake, aquarium_window_fake, aquarium_window_3,
          aquarium_window_1, aquarium_view_2f, aquarium_pool_2
Temple:   eino_temple_rhombus
Lair:1:   layout_concentric_octagons, lemuel_fruit_tree
Lair:2:   layout_layer_cave, nicolae_spider_entry_non_spiders, st_stairs_9
Lair:3:   layout_layer_cave, minmay_swamp_entry_worms,
          portal_ice_cave_entry_ice_simulacra, gauntlet_entry_generic,
          small_statue_intersection, lemuel_fruit_fields, grunt_megastairs_4
Lair:4:   layout_regular_city, nicolae_slime_entry_slimehenge,
          nicolae_lair_lil_pond, cheibrodos_lair_lostbears
Lair:5:   evil_forest, layout_layer_cave
Swamp:1:  layout_basic_swamp, evilmike_swamp_ruin_house_3, swamp_pool3,
          uniq_kirke
Swamp:2:  layout_falls_marsh, infiniplex_staircase_pool, uniq_roxanne
Swamp:3:  layout_falls_marsh, nicolae_swamp_tree_designs
Swamp:4:  byrel_swamp_growth_death_and_undeath, layout_basic_swamp
Spider:1: layout_spider_delve, nicolae_spider_paper_wasps
Spider:2: layout_spider_delve, uniq_arachne
Orc:1:    nicolae_orc_accident_2, layout_caves, serial_shops, shop,
          nicolae_orc_pool_cavern, uniq_sonja
Orc:2:    st_orc_mages, layout_diamond_mine, nicolae_shop_self_help

Skill      XL: |  1  2  3  4  5  6  7  8  9 10 11 12 13 14 15 16 17 |
---------------+----------------------------------------------------+-----
Armour         | 1 3 4 6 7 8 9 10 | 10.2
Spellcasting   | 3 4 5 6 8 10 11 12 14 15 17 | 17.5
Fire Magic     | 4 5 6 7 8 9 11 12 13 14 15 16 | 16.7
Conjurations   | 2 3 4 5 7 9 10 | 10.0
Dodging        | 2 3 4 5 6 |  6.8
Fighting       | 1 2 3 4 5 |  5.3
Stealth        | 3 4 |  4.8
Shields        | 1 4 6 7 8 10 | 10.6
Maces & Flails | 1 |  1.9
Poison Magic   | 1 |  1.2
Hexes          | |  0.5
Evocations     | |  0.8

Action                   |  1- 3 |  4- 6 |  7- 9 | 10-12 | 13-15 | 16-18 || total
-------------------------+-------+-------+-------+-------+-------+-------++-------
Melee: Spear             |     7 |       |       |       |       |       ||     7
       Halberd           |       |    21 |   125 |       |       |       ||   146
       Rapier            |       |       |    22 |       |       |       ||    22
       Flail             |       |       |     9 |       |       |       ||     9
       Morningstar       |       |       |     1 |    16 |       |       ||    17
       Broad axe         |       |       |       |   153 |   233 |    21 ||   407
       Great mace        |       |       |       |       |       |    45 ||    45
       Scimitar          |       |       |       |       |       |     5 ||     5
 Fire: Sling             |       |       |     8 |       |    14 |       ||    22
       Shortbow          |       |       |     2 |       |       |     9 ||    11
Throw: Javelin           |       |     1 |       |       |     1 |       ||     2
 Cast: Foxfire           |    33 |    43 |    30 |    42 |   119 |    13 ||   280
       Scorch            |    11 |    27 |    64 |   120 |   207 |    99 ||   528
       Searing Ray       |       |       |     4 |     9 |    10 |     1 ||    24
       Flame Wave        |       |       |     8 |     7 |    22 |    22 ||    59
       Fireball          |       |       |       |    40 |   113 |   122 ||   275
       Inner Flame       |       |       |       |    29 |   136 |    45 ||   210
       Kindle Blastspark |       |       |       |     3 |     6 |       ||     9
       Vhi's Electric Ch |       |       |       |     1 |     1 |       ||     2
       Olgreb's Toxic Ra |       |       |       |     1 |    16 |    16 ||    33
       Freezing Cloud    |       |       |       |     1 |    10 |       ||    11
       Orb of Destructio |       |       |       |       |       |    21 ||    21
Evoke: Wand              |       |       |       |     2 |    11 |     1 ||    14
  Use: Potion            |     3 |     1 |       |     7 |     5 |    10 ||    26
       Scroll            |       |     9 |    13 |     9 |    10 |     5 ||    46
 Stab: Sleeping          |       |       |     4 |     1 |     2 |       ||     7
       Petrified         |       |       |       |       |     1 |       ||     1
Armor: Skin              |     2 |       |       |     7 |       |       ||     9
       Robe              |     3 |       |       |   124 |   264 |   197 ||   588
       Leather armour    |     1 |    17 |    68 |    18 |       |       ||   104
       Swamp dragon scal |       |       |       |       |       |   153 ||   153
Dodge: Dodged            |     7 |    34 |   217 |   147 |   267 |   212 ||   884
Block: Other             |     5 |    15 |    56 |       |       |    27 ||   103
       Reflection        |     1 |     1 |       |    22 |     3 |     1 ||    28
       Buckler           |       |       |    37 |   205 |   394 |   135 ||   771

Table legend: (Time is in decaauts)
 A = Elapsed time spent in this place.
 B = Non-inter-level travel time spent in this place.
 C = Inter-level travel time spent in this place.
 D = Time resting spent in this place.
 E = Time spent auto-exploring this place.
 F = Levels seen in this place.
 G = Mean time per level.
                   A        B        C        D        E       F      G
               +--------+--------+--------+--------+--------+-----+--------+
         Total |  46517 |  43072 |   3445 |  18122 |  17575 |  31 | 1500.5 |
       Dungeon |  20987 |  19069 |   1918 |   5694 |  10039 |  15 | 1399.1 |
        Temple |    504 |    461 |     43 |    200 |    147 |   1 |  504.0 |
          Lair |  10227 |   9386 |    841 |   3771 |   4168 |   5 | 2045.4 |
         Swamp |   8803 |   8269 |    534 |   5748 |   1375 |   4 | 2200.8 |
   Spider Nest |   2217 |   2172 |     45 |   1298 |    584 |   2 | 1108.5 |
  Orcish Mines |   2617 |   2555 |     62 |    943 |   1077 |   2 | 1308.5 |
       Ossuary |    506 |    506 |      0 |    294 |      0 |   1 |  506.0 |
      Gauntlet |    652 |    652 |      0 |    173 |    185 |   1 |  652.0 |
               +--------+--------+--------+--------+--------+-----+--------+

Top non-repeatable levels by time:
 Swamp:3: 2920 daAuts
 Swamp:2: 2573 daAuts
  Lair:5: 2488 daAuts
  Lair:2: 2234 daAuts
 Swamp:4: 2202 daAuts
Spider:1: 2201 daAuts
  Lair:3: 2126 daAuts
    D:15: 2120 daAuts
    D:10: 2063 daAuts
     D:8: 1838 daAuts
  Lair:1: 1826 daAuts
    D:13: 1768 daAuts
    D:12: 1608 daAuts
  Lair:4: 1552 daAuts
     D:9: 1518 daAuts
